 Dungeon Crawl Stone Soup version 0.17.1-1-g73c8601 (webtiles) character file.

232 JustSomeDude the Insei (level 5, -9/42 HPs)
             Began as a Demonspawn Monk on Dec 29, 2015.
             Was a Believer of Dithmenos.
             Mangled by an ogre
             ... wielding a +0 giant spiked club
              (23 damage)
             ... on level 5 of the Dungeon on Dec 30, 2015.
             The game lasted 00:06:31 (3784 turns).

JustSomeDude the Insei (Demonspawn Monk)            Turns: 3784, Time: 00:06:31

Health: -9/42      AC: 10    Str: 12    XL:     5   Next: 73%
Magic:  5/5        EV:  6    Int: 15    God:    Dithmenos [**....]
Gold:   144        SH:  0    Dex: 16    Spells: 0 memorised, 4 levels left

rFire  . . .     SeeInvis .     m - +0 dagger
rCold  . . .     Clarity  +     f - +0 chain mail
rNeg   . . .     SustAt   .     (no shield)
rPois  .         Gourm    .     (no helmet)
rElec  .         Spirit   .     (no cloak)
rCorr  .         Warding  .     (no gloves)
rMut   .         Stasis   .     (no boots)
MR     .....                    d - amulet of clarity
Stlth  ..........               i - +4 ring of intelligence
                                k - ring of stealth

@: wreathed by umbra, not resistant to hostile enchantments, extremely
unstealthy
A: slimy green scales 1, spiny 1
a: Shadow Step, Renounce Religion


You were on level 5 of the Dungeon.
You worshipped Dithmenos.
Dithmenos was pleased with you.
You were full.

You visited 1 branch of the dungeon, and saw 5 of its levels.

You collected 144 gold pieces.

Inventory:

Hand Weapons
 e - a +3 mace of holy wrath
 m - a +0 dagger (weapon)
Armour
 a - a +0 robe
 f - a +0 chain mail (worn)
 l - a +0 pair of gloves
 u - a +0 chain mail
Jewellery
 d - an amulet of clarity (around neck)
 i - a +4 ring of intelligence (right hand)
 k - a ring of stealth (left hand)
Scrolls
 g - a scroll of noise {unknown}
 h - 2 scrolls of identify
 j - a scroll of enchant weapon
 n - 2 scrolls of magic mapping {unknown}
 s - 2 scrolls of teleportation {unknown}
Potions
 c - a potion of brilliance
 o - a potion of poison {unknown}
 p - a potion of haste {unknown}
Books
 t - a book of Alchemy

   Spells                             Type                      Level
   a - Sublimation of Blood           Necromancy                   2
   b - Ignite Poison                  Fire/Transmutation/Poison    3
   c - Alistair's Intoxication        Transmutation/Poison         4
   d - Condensation Shield            Ice                          4
   e - Petrify                        Transmutation/Earth          4
   f - Irradiate                      Conjuration/Transmutation    5
Comestibles
 b - 4 bread rations
 r - a meat ration


   Skills:
 + Level 3.9 Fighting
 + Level 1.5 Armour
 + Level 3.8 Dodging
 + Level 2.7 Stealth
 + Level 4.4 Unarmed Combat


You had 4 spell levels left.
You didn't know any spells.

Dungeon Overview and Level Annotations

Branches:
Dungeon (5/15)
 Temple: D:4-7

Altars:
Dithmenos
Gozag
Trog
Vehumet
Zin

Shops:
D:5 (


Innate Abilities, Weirdness & Mutations

You are partially covered in slimy green scales (AC +2).
You are partially covered in sharp spines.


Message History

The ogre is heavily wounded.
The ogre is struck by your spines.
The ogre hits you with a giant spiked club!
You closely miss the ogre. You punch the ogre.
The ogre is severely wounded.
The ogre barely misses you.
You hit the ogre but do no damage.
The ogre is severely wounded.
You hit the ogre.
The ogre is severely wounded.
The ogre hits you with a giant spiked club!!
* * * LOW HITPOINT WARNING * * *
You are too injured to fight recklessly!
You are too injured to fight recklessly!
You are too injured to fight recklessly!
Drink which item? (? for menu, Esc to quit)
You feel better.
The ogre hits you with a giant spiked club!!
Ouch! That really hurt!
You die...

.# . #.#.#
..#.. ##....#
....#.### #.∩
.... #O#...##.
#####@#.....#
###...........?
#......<.......
.....##........
....# #........
.### #........
#........
.........
#........


You could see an ogre.

Vanquished Creatures
  An orc priest (D:3)
  4 worker ants (D:4)
  An adder (D:3)
  An ooze (D:2)
  A worm (D:3)
  A giant gecko (D:4)
  7 orcs
  7 bats
  11 goblins
  6 hobgoblins
  10 jackals
  16 kobolds
  A quokka (D:3)
  A ball python (D:2)
  3 giant cockroaches
  6 giant newts
  8 rats
85 creatures vanquished.

Notes
Turn   | Place    | Note
--------------------------------------------------------------
     0 | D:1      | JustSomeDude the Demonspawn Monk began the quest for the Orb.
     0 | D:1      | Reached XP level 1. HP: 18/18 MP: 1/1
   241 | D:1      | Gained mutation: You are partially covered in sharp spines. [demonic ancestry]
   241 | D:1      | Reached XP level 2. HP: 6/24 MP: 2/2
   820 | D:1      | Reached XP level 3. HP: 29/29 MP: 3/3
  1331 | D:2      | Reached skill level 4 in Unarmed Combat
  1380 | D:2      | Found an opulent altar of Gozag.
  1733 | D:3      | Reached XP level 4. HP: 9/35 MP: 4/4
  2788 | D:4      | Found a bloodstained altar of Trog.
  2880 | D:4      | Found a shadowy altar of Dithmenos.
  2903 | D:4      | Became a worshipper of Dithmenos the Shadowed
  2903 | D:4      | Reached * piety under Dithmenos
  2903 | D:4      | Reached ** piety under Dithmenos
  2945 | D:4      | Reached skill level 1 in Armour
  2945 | D:4      | Gained mutation: You are partially covered in slimy green scales (AC +2). [demonic ancestry]
  2945 | D:4      | Reached XP level 5. HP: 39/41 MP: 5/5
  3083 | D:4      | Found a radiant altar of Vehumet.
  3133 | D:4      | HP: 2/42 [cloud of flame (11)]
  3582 | D:4      | Found a glowing silver altar of Zin.
  3772 | D:5      | Entered Level 5 of the Dungeon
  3772 | D:5      | Found Giazu's Antique Weapon Shop.
  3772 | D:5      | Noticed an ogre
  3784 | D:5      | Mangled by an ogre

Action                   |  1- 3 |  4- 6 || total
-------------------------+-------+-------++-------
Melee: Unarmed           |    95 |    77 ||   172
       Dagger            |       |     9 ||     9
  Use: Potion            |     4 |     1 ||     5
       Scroll            |       |     4 ||     4
 Stab: Sleeping          |     3 |       ||     3
  Eat: Bread ration      |     1 |       ||     1
       Meat ration       |       |     2 ||     2
